 Seeded DCSS version 0.29-a0-520-gc852659d43 (webtiles) character file.

Game seed: 17428681369516740799 (custom seed)

883 hquester1 the Shield-Bearer (level 7, -6/71 HPs)
             Began as a Troll Fighter on May 31, 2022.
             Killed from afar by Dowan (8 damage)
             ... with a stone arrow
             ... on level 4 of the Dungeon.
             The game lasted 00:12:08 (2919 turns).

hquester1 the Shield-Bearer (Troll Fighter)         Turns: 2919, Time: 00:12:08

Health: -6/71      AC:  6    Str: 25    XL:     7   Next: 76%
Magic:  6/6        EV:  9    Int:  4    God:
Gold:   207        SH: 10    Dex: 11    Spells: 6/6 levels left

rFire   . . .      SeeInvis .   a - +1 flail
rCold   . . .      Faith    .   c - +2 kite shield
rNeg    . . .      Spirit   .   r - +2 animal skin
rPois   .          Reflect  .   (helmet restricted)
rElec   .          Harm     .   (no cloak)
rCorr   .          Rampage  .   (gloves unavailable)
Will    .....                   (boots unavailable)
Stlth   +.........              (no amulet)
HPRegen 1.01/turn               (no ring)
MPRegen 0.10/turn               (no ring)

@: no status effects
A: large, unfitting armour, claws 3, regeneration 1, shaggy fur 1, tough skin 1
a: no special abilities


You were on level 4 of the Dungeon.
You visited 1 branch of the dungeon, and saw 4 of its levels.

You collected 207 gold pieces.

Inventory:

Hand Weapons
 a - a +1 flail (weapon)
 f - a +1 war axe of venom
 j - a +2 dire flail of holy wrath
Armour
 b - a +0 robe
 c - a +2 kite shield (worn)
 r - a +2 animal skin (worn)
Wands
 n - a wand of flame (11)
Scrolls
 i - 2 scrolls of teleportation
Potions
 d - a potion of might
 e - 4 potions of curing
 g - 2 potions of invisibility {unknown}
 h - a potion of brilliance {unknown}
 m - 2 potions of ambrosia {unknown}
 p - a potion of lignification {unknown}
 q - a potion of magic {unknown}
 u - a potion of flight {unknown}


   Skills:
 + Level 4.3 Fighting
 + Level 4.3 Maces & Flails
 + Level 4.4 Dodging
 + Level 4.8 Shields


You had 6 spell levels left.
You didn't know any spells.
Your spell library contained the following spells:

 Spells                   Type           Power      Damage    Failure   Level
 Apportation              Tloc           0%         N/A       77%         1
 Slow                     Hex            0%         N/A       77%         1
 Confusing Touch          Hex            0%         N/A       98%         3
 Stone Arrow              Conj/Erth      0%         3d7       98%         3
 Vampiric Draining        Necr           0%         2d6       98%         3
 Animate Armour           Summ/Erth      0%         N/A       100%        4
 Alistair's Intoxication  Tmut/Pois      0%         N/A       100%        5
 Lehudib's Crystal Spear  Conj/Erth      0%         10d2      100%        8


Dungeon Overview and Level Annotations

Branches:
Dungeon (4/15)
 Temple: D:4-7

Altars:
Zin

Shops:
D:1 =   D:3 [   D:4 (

Annotations:
D:4 Dowan, Grinder


Innate Abilities, Weirdness & Mutations

You are too large for most types of armour.
You have claws for hands.
Your natural rate of healing is unusually fast.
You are covered in fur. (AC +1)
You have tough skin. (AC +1)


Message History

You thump the kobold!
You kill the kobold!
The kobold barely misses you.
You sock the kobold!
You kill the kobold!
Dowan gestures wildly while chanting.
Dowan blinks!
Dowan says, "Magic will overcome all!"
You closely miss Dowan.
Dowan is almost dead.
Dowan gestures wildly while chanting.
Dowan blinks!
Dowan casts a spell at you. The shard of ice hits you!
* * * LOW HITPOINT WARNING * * *
An ufetubus comes into view.
The ufetubus shouts!
Dowan gestures at you while chanting. The stone arrow hits you!
* * * LOW HITPOINT WARNING * * *
The ufetubus moves out of view.
Dowan says, "How can I live without her?"
Okay, then.
You miss Dowan.
Dowan is almost dead.
Dowan says, "How can I live without her?"
Dowan casts a spell at you. The stone arrow hits you!
* * * LOW HITPOINT WARNING * * *
You block the ufetubus's attack. x2; Dowan barely misses you.
You barely miss Dowan.
Dowan is almost dead.
The ufetubus barely misses you. The ufetubus hits you.
* * * LOW HITPOINT WARNING * * *
Dowan closely misses you. The ufetubus hits you.
* * * LOW HITPOINT WARNING * * *
The ufetubus closely misses you. Dowan casts a spell at you.
The stone arrow hits you!
You die...

..........................
≈≈.≈≈......≈≈≈≈≈≈≈..≈.≈≈≈≈
≈≈≈≈≈≈....≈≈≈≈≈≈≈≈≈≈≈≈≈≈≈≈
≈≈≈≈≈≈....≈≈≈≈≈≈≈≈≈≈≈≈≈≈≈≈
≈≈≈≈≈.....)≈≈≈≈≈≈≈≈≈≈≈≈≈≈≈
##############''#################
....#.......#....# .
....'.......#...5# ...
...†#########...@#########....
.......)..)#..(..e#).........#
......))..)'......').).......#
..........)#......#).........#
....#########....#########....
....+ #....# ... ....# #....# .
##### ######


You could see Dowan (fast) and an ufetubus.

Vanquished Creatures
  Sigmund (D:3)
  Edmund (D:4)
  Duvessa (D:4)
  An ogre (D:4)
  A scorpion (D:4)
  A jelly (D:4)
  An orc priest (D:4)
  Jessica (D:3)
  2 iguanas (D:4)
  Robin (D:3)
  5 gnolls (D:4)
  3 adders
  2 worms (D:3)
  5 dart slugs
  7 orcs
  7 bats
  4 endoplasms
  3 giant cockroaches
  14 goblins
  5 hobgoblins
  8 jackals
  20 kobolds
  4 quokkas
  8 ball pythons
  5 frilled lizards
  7 rats
118 creatures vanquished.

Vanquished Creatures (collateral kills)
  2 jackals (D:4)
2 creatures vanquished.

Grand Total: 120 creatures vanquished

Notes
Turn   | Place    | Note
-------+----------+-------------------------------------------
     0 | D:1      | hquester1 the Troll Fighter began the quest for the Orb.
     0 | D:1      | Reached XP level 1. HP: 22/22 MP: 0/0
    61 | D:1      | Found Plog's Jewellery Shop.
   165 | D:1      | Reached XP level 2. HP: 29/29 MP: 1/1
   442 | D:1      | Found a faded altar of an unknown god.
   652 | D:1      | Reached XP level 3. HP: 35/36 MP: 2/2
  1428 | D:3      | Reached XP level 4. HP: 42/44 MP: 3/3
  1499 | D:3      | Noticed Jessica
  1519 | D:3      | Killed Jessica
  1544 | D:3      | Noticed Robin
  1606 | D:3      | Killed Robin
  1663 | D:3      | Reached XP level 5. HP: 46/53 MP: 4/4
  1903 | D:3      | Found Siof's Antique Armour Shop.
  1972 | D:3      | Noticed Sigmund
  1987 | D:3      | Killed Sigmund
  1988 | D:3      | Reached XP level 6. HP: 53/61 MP: 5/5
  2193 | D:4      | Noticed Grinder
  2193 | D:4      | Noticed Edmund
  2273 | D:4      | Found a glowing silver altar of Zin.
  2273 | D:4      | Noticed an angel
  2327 | D:4      | Found Sis Nili's Antique Weapon Shoppe.
  2563 | D:4      | HP: 3/62 [Edmund/+2 dire flail of holy wrath (13)]
  2570 | D:4      | Killed Edmund
  2571 | D:4      | Reached XP level 7. HP: 12/70 MP: 6/6
  2877 | D:4      | Noticed Dowan
  2878 | D:4      | Noticed Duvessa
  2895 | D:4      | Killed Duvessa
  2919 | D:4      | HP: 2/71 [ufetubus (4)]
  2919 | D:4      | Killed from afar by Dowan

Illustrated notes

Levels and vault maps discovered:
D:1:      minmay_arrival_four_houses, layout_basic,
          ebering_ecumenical_altar_box, serial_shops, nicolae_diamond_shop
D:2:      layout_basic, minmay_tetromino_i2
D:3:      layout_rooms, serial_shops, nicolae_lakefront_shop,
          minmay_misc_feat_alley, hangedman_decor_points, st_stairs_2,
          nrook_uturn, uniq_jessica, uniq_robin, uniq_sigmund
D:4:      minmay_goblin_kobold_castle, layout_basic, zin_angel, serial_shops,
          nicolae_take_the_stairs, grunt_ministairs_11,
          kennysheep_generic_room_6, uniq_grinder, uniq_edmund, uniq_duvessa

Skill      XL: |  1  2  3  4  5  6  7 |
---------------+----------------------+-----
Maces & Flails | 2 3 4 |  4.3
Shields        | 3 4 |  4.8
Fighting       | 3 4 |  4.3
Dodging        | 3 4 |  4.4

Action                   |  1- 3 |  4- 6 |  7- 9 || total
-------------------------+-------+-------+-------++-------
Melee: Flail             |   154 |   200 |   111 ||   465
  Use: Scroll            |       |    10 |       ||    10
       Potion            |       |     1 |       ||     1
 Stab: Sleeping          |     1 |     1 |       ||     2
Armor: Robe              |    69 |    38 |       ||   107
       Animal skin       |       |    31 |    63 ||    94
Dodge: Dodged            |    77 |    96 |    63 ||   236
Block: Kite shield       |    62 |    91 |    98 ||   251

Table legend: (Time is in decaauts)
 A = Elapsed time spent in this place.
 B = Non-inter-level travel time spent in this place.
 C = Inter-level travel time spent in this place.
 D = Time resting spent in this place.
 E = Time spent auto-exploring this place.
 F = Levels seen in this place.
 G = Mean time per level.
                   A        B        C        D        E       F      G
               +--------+--------+--------+--------+--------+-----+--------+
         Total |   3103 |   3034 |     69 |     56 |   1699 |   4 |  775.8 |
       Dungeon |   3103 |   3034 |     69 |     56 |   1699 |   4 |  775.8 |
               +--------+--------+--------+--------+--------+-----+--------+

Top non-repeatable levels by time:
     D:4: 877 daAuts
     D:3: 832 daAuts
     D:1: 736 daAuts
     D:2: 657 daAuts
